Unix NetHack Version 3.7.0-102 Work-in-progress - last build Apr 6 2024 13:22:21 (d302a6a9ff6341f1a922d8f5af178406b35fdf99,branch:master). Game began 2024-04-30 09:31:09, ended 2024-04-30 09:43:32. joes, lawful female dwarven Cavewoman ------------- .........Gho| |...G.....hkG| hGkoohh.h....hk| d |...G.\...GoG- G -----.------- # o 0## # # -------.-- ## |........| ####.........| --+--- ## |........| |....| ## ---------- |...<-#### ------ Joes the Aborigine St:18/04 Dx:12 Co:17 In:8 Wi:9 Ch:7 Lawful Dlvl:8 $:51 HP:0(35) Pw:3(3) AC:7 Xp:3 T:982 Hungry 3.7.0-102 Latest messages: You read: "Elber?th". You see no objects here. What do you want to write with? Do you want to add to the current engraving? [ynq] (y) n You wipe out the message that was written in the dust here. You write in the dust with your fingertip. What do you want to write in the dust here? Elbereth Something is written here in the dust. You read: "Elbereth". You see no objects here. (6e): The air crackles around the gnomish wizard. Birgitta misses it. Birgitta misses it. (4e): The gnome lady shoots 3 crossbow bolts! The 1st crossbow bolt hits the hobgoblin. The crossbow bolt hits another object. The 2nd crossbow bolt hits the hobgoblin! The hobgoblin is killed! The crossbow bolt hits other objects and falls down the stairs. From the impact, another object falls. The 3rd crossbow bolt hits Birgitta. (3e): The gnome lady picks up a curved sword. Something is written here in the dust. You read: "Elbereth". You see no objects here. (3e): The kobold lord throws 2 poisoned darts! The 1st poisoned dart misses the gnome lady. The 1st poisoned dart hits Birgitta. The 2nd poisoned dart hits the gnome lady. Something is written here in the dust. You read: "Elbereth". You see no objects here. b - an uncursed +2 sling (weapon in right hand). (2e): The gnome lady wields a curved sword! The curved sword welds itself to the gnome lady's hand! Something is written here in the dust. You read: "Elbereth". You see no objects here. The gnome queen turns to flee. The gnome lady turns to flee. (2e): The kobold lord throws a poisoned dart! The poisoned dart hits the gnome lady. Something is written here in the dust. You read: "Elbereth". You see no objects here. (east): The gnome lady swings her curved sword. (east): The gnome lady hits! [HP -7, 0 left] You die... Do you want your possessions identified? [ynq] (y) q Inventory: Coins ('$') $ - 51 gold pieces Weapons (')') u - a blessed +3 bow p - an uncursed rotted +0 bow b - an uncursed +2 sling (weapon in right hand) r - 5 uncursed +0 daggers v - a blessed +0 orcish dagger a - an uncursed +1 club (alternate weapon; not wielded) q - a blessed +0 mace Armor ('[') n - an uncursed +0 pair of water walking boots (being worn) e - an uncursed +0 leather armor (being worn) Comestibles ('%') l - an uncursed fortune cookie j - an uncursed lichen corpse Scrolls ('?') h - an uncursed scroll of identify Spellbooks ('+') i - an uncursed spellbook of magic missile k - an uncursed spellbook of magic missile f - an uncursed spellbook of polymorph Potions ('!') t - an uncursed potion of water Rings ('=') s - a cursed -1 ring of adornment o - an uncursed +3 ring of increase accuracy Tools ('(') g - an uncursed tin whistle Gems/Stones ('*') m - an uncursed worthless piece of green glass c - 18 uncursed flint stones (in quiver pouch) d - 17 uncursed rocks Joes the Cavewoman's attributes: Background: You were an Aborigine, a level 3 dwarven Cavewoman. You were lawful, on a mission for Anu who was opposed by Ishtar (neutral) and Anshar (chaotic). You were right-handed. You were in the Dungeons of Doom, on level 8. You entered the dungeon 982 turns ago. You had 65 experience points, 15 more were needed to attain level 4. Basics: You had 0 out of 35 hit points. You had all 3 energy points (spell power). Your armor class was 7. Your wallet contained 51 zorkmids. Autopickup was on for '$?!/' plus thrown. Final Characteristics: Your strength was 18/04 (limit:18/100). Your dexterity was 12 (limit:20). Your constitution was 17 (limit:20). Your intelligence was 8 (limit:16). Your wisdom was 9 (limit:16). Your charisma was 7 (limit:16). Final Status: You were hungry. You were unencumbered. You were wielding a sling. You had basic skill with sling. Final Attributes: You were devoutly aligned. You had infravision. You could walk on water. You were warded. You are dead. Miscellaneous: You encountered 1 bones level. Total elapsed playing time was 12 minutes and 23 seconds. Major events: Turn 1: joes the lawful dwarven Cavewoman entered the dungeon 712: attained the rank of Aborigine (level 3) 982: killed by a gnome lady Vanquished creatures: a pony a black naga hatchling 3 hobgoblins a gnome 2 coyotes 2 giant rats 2 brown molds a red mold a gecko a fox 2 kobolds a goblin 2 lichens a newt 21 creatures vanquished. No species were genocided or became extinct. Voluntary challenges: You read items or engraved 5 times. You engraved Elbereth 4 times. You never genocided any monsters. You never polymorphed an object. You never changed form. You used no wishes. Achievement: You attained the rank of Aborigine. The Dungeons of Doom: levels 1 to 8 Level 1: Level 2: Level 3: Level 4: Final resting place for andrewi-Mon-Hum-Mal-Law, killed by an arrow. Level 5: "chest, shop" Level 6: Many fountains. Oracle of Delphi. Level 7: Level 8: <- You were here. A throne. Final resting place for you, killed by a gnome lady. Game over: ---------- / \ / REST \ / IN \ / PEACE \ / \ | joes | | 51 Au | | killed by a | | gnome lady | | | | | | 2024 | *| * * * | * _________)/\\_//(\/(/\)/\//\/|_)_______ Goodbye joes the Cavewoman... You died in The Dungeons of Doom on dungeon level 8 with 656 points, and 51 pieces of gold, after 982 moves. You were level 3 with a maximum of 35 hit points when you died.